 Dungeon Crawl Stone Soup version 0.30.1 (webtiles) character file.

Game seed: 6113190570569125111

1080 cdecastro the Trooper (level 8, -1/84 HPs)
             Began as a Troll Fighter on July 5, 2023.
             Was an Initiate of the Shining One.
             Slain by a troll (8 damage)
             ... on level 5 of the Dungeon.
             The game lasted 00:09:41 (4202 turns).

cdecastro the Trooper (Troll Fighter)               Turns: 4202, Time: 00:09:42

Health: -1/84      AC:  4    Str: 25    XL:     8   Next: 8%
Magic:  7/7        EV:  9    Int:  4    God:    the Shining One [......]
Gold:   121        SH:  8    Dex: 11    Spells: 7/7 levels left

rFire   . . .        (no weapon)
rCold   . . .        c - +0 kite shield
rNeg    . . .        b - +0 robe
rPois   .            (helmet restricted)
rElec   .            (no cloak)
rCorr   .            (gloves unavailable)
SInv    .            (boots unavailable)
Will    .....        (no amulet)
Stlth   +            (no ring)
HPRegen 1.14/turn    (no ring)
MPRegen 0.10/turn

%: no passive effects
@: mighty, glowing
A: large, unfitting armour, claws 3, regeneration 1, shaggy fur 1, tough skin 1
a: Renounce Religion


You were on level 5 of the Dungeon.
You worshipped the Shining One.
The Shining One was noncommittal.
You visited 1 branch of the dungeon, and saw 6 of its levels.

You collected 297 gold pieces.
You spent 176 gold pieces at shops.

Inventory:

Hand Weapons
 a - a +0 flail
Missiles
 p - a throwing net (quivered)
 t - 7 javelins
 u - 16 poisoned darts
 x - 2 boomerangs of dispersal
 y - a curare-tipped dart
 E - 6 boomerangs
Armour
 b - a +0 robe (worn)
 c - a +0 kite shield (worn)
Wands
 z - a wand of paralysis (3)
Scrolls
 i - 2 scrolls of blinking {unknown}
 j - a scroll of enchant weapon {unknown}
 k - 3 scrolls of teleportation
 m - 3 scrolls of identify
 q - 2 scrolls of fear {unknown}
 v - a scroll of enchant armour {unknown}
 w - 2 scrolls of magic mapping {unknown}
 A - a scroll of vulnerability {unknown}
 B - a scroll of noise {unknown}
 C - a scroll of poison
 D - a scroll of immolation
Potions
 d - a potion of might
 e - 2 potions of ambrosia {unknown}
 f - 2 potions of brilliance {unknown}
 g - a potion of cancellation {unknown}
 h - 3 potions of heal wounds {unknown}
 l - a potion of mutation {unknown}
 n - 2 potions of degeneration {unknown}
 o - a potion of invisibility {unknown}
 r - a potion of flight {unknown}
 s - a potion of attraction {unknown}


   Skills:
 * Level 6.9 Fighting
 + Level 5.2 Maces & Flails
 - Level 2.4 Dodging
 - Level 2.6 Shields


You had 7 spell levels left.
You didn't know any spells.
Your spell library contained the following spells:

 Spells                   Type           Power      Damage    Failure   Level
 Sandblast                Erth           0%         2d4       77%         1
 Passwall                 Tmut/Erth      0%         N/A       88%         2
 Sublimation of Blood     Necr           0%         N/A       88%         2
 Wereblood                Tmut           0%         N/A       88%         2
 Stone Arrow              Conj/Erth      0%         3d7       98%         3
 Summon Hydra             Summ           0%         N/A       100%        7


Dungeon Overview and Level Annotations

Branches:
Dungeon (6/15)
 Temple: D:4-7

Altars:
Trog
Wu Jian
The Shining One

Shops:
D:2 ?   D:5 [:=?

Annotations:
D:5 troll


Innate Abilities, Weirdness & Mutations

You are too large for most types of armour.
You have claws for hands.
Your natural rate of healing is unusually fast.
You are covered in fur. (AC +1)
You have tough skin. (AC +1)


Message History

The ice beast barely misses you.
You claw the ice beast!
The ice beast is moderately wounded.
The ice beast barely misses you.
You claw the ice beast!
The ice beast is severely wounded.
The ice beast hits you. The ice beast freezes you!
You claw the ice beast!
You kill the ice beast!
You have reached level 8!
A hound comes into view.
There is a stone staircase leading up here.
You climb upwards.
Level annotation: troll
There is a stone staircase leading down here.
What are your orders? t - Shout!
Orders for allies: a - Attack new target. r - Retreat! s - Stop attacking. g - Guard the area. f - Follow me.
Anything else - Cancel.
You shout for attention!
You scratch the troll.
The troll is lightly wounded.
The troll bites you!! You block the troll's attack. The troll claws you!
The troll bites you! You block the troll's attack. The troll claws you!
* * * LOW HITPOINT WARNING * * *
You claw the troll!
The troll is moderately wounded.
The troll bites you!
* * * LOW HITPOINT WARNING * * *
The troll claws you!
* * * LOW HITPOINT WARNING * * *
The troll closely misses you.
You claw the troll!
The troll is heavily wounded.
The troll bites you but does no damage. The troll claws you!
* * * LOW HITPOINT WARNING * * *
The troll claws you!
You die...

## #.......#
#.#.#......#...#
###.......#####.#.#.#......#
#.........#...#.#.#......###
##.###.........#.#.#.......
...# #.....#.###.#.##.######
#..###.....#.....#.#..
##..#......###...#.#.#
.##.#.####.###...#.#.
..#.............@..#
..#.#.####.##...T.##
..#.#.####.##...#.#####
.##.#......##...#.#...#
###....##..##...#.#∩#.#
####### #
#.....#)..#...#.###.#
#......
###.#...##..#.).#.....#
#.####.
.##.##..##..+...#.#####
#.#....
..#.#...##.##...#.###
#.#.###


You could see a troll.

Vanquished Creatures
  An ice beast (D:6)
  A black bear (D:4)
  A kobold brigand (D:5)
  2 scorpions
  A howler monkey (D:5)
  A jelly (D:5)
  2 hounds (D:5)
  2 orc priests
  2 sleepcaps
  A gnoll bouda (D:5)
  Jessica (D:2)
  3 orc wizards (D:5)
  3 iguanas
  5 gnolls (D:5)
  9 adders
  A white imp (D:3)
  2 worms (D:2)
  4 dart slugs
  9 orcs
  9 ball pythons
  9 bats
  10 endoplasms
  3 giant cockroaches
  7 goblins
  6 hobgoblins
  15 kobolds
  6 quokkas
  A frilled lizard (D:2)
  22 rats
139 creatures vanquished.

Notes
Turn   | Place    | Note
-------+----------+-------------------------------------------
     0 | D:1      | cdecastro the Troll Fighter began the quest for the Orb.
     0 | D:1      | Reached XP level 1. HP: 22/22 MP: 0/0
   113 | D:1      | Reached XP level 2. HP: 29/29 MP: 1/1
   205 | D:1      | Reached skill level 3 in Fighting
   439 | D:1      | Reached XP level 3. HP: 37/37 MP: 2/2
   749 | D:2      | Found Yropnyn's Magic Scroll Shop.
   769 | D:2      | Bought a scroll of teleportation for 36 gold pieces
   983 | D:2      | Reached XP level 4. HP: 42/46 MP: 3/3
  1022 | D:2      | Noticed Jessica
  1030 | D:2      | Killed Jessica
  1046 | D:2      | Reached skill level 4 in Fighting
  1133 | D:2      | You fall into a shaft and drop 2 floors!
  1140 | D:4      | Found a bloodstained altar of Trog.
  1465 | D:3      | Reached XP level 5. HP: 49/54 MP: 4/4
  2284 | D:4      | Noticed a black bear
  2370 | D:4      | Found an ornate altar of the Wu Jian Council.
  2516 | D:4      | Reached XP level 6. HP: 40/65 MP: 5/5
  2562 | D:4      | Reached skill level 5 in Fighting
  2598 | D:4      | Found a glowing golden altar of the Shining One.
  2641 | D:4      | Became a worshipper of the Shining One
  2912 | D:5      | Entered Level 5 of the Dungeon
  2997 | D:5      | Noticed a troll
  3039 | D:5      | Found Ditap's Jewellery Emporium.
  3167 | D:5      | Found Ippiemige's Book Emporium.
  3173 | D:5      | Found Maptegai's Antique Armour Shop.
  3310 | D:5      | Reached XP level 7. HP: 72/74 MP: 6/6
  3416 | D:5      | Reached skill level 6 in Fighting
  3674 | D:5      | Found Rywago's Magic Scroll Shop.
  3678 | D:5      | Bought a scroll of poison for 56 gold pieces
  3678 | D:5      | Bought a scroll of identify for 28 gold pieces
  3678 | D:5      | Bought a scroll of immolation for 56 gold pieces
  3914 | D:5      | Reached skill level 5 in Maces & Flails
  4172 | D:6      | Reached XP level 8. HP: 57/84 MP: 7/7
  4202 | D:5      | Slain by a troll

Illustrated notes

Levels and vault maps discovered:
D:1:      doesnt_arrival_eight_statues, layout_basic
D:2:      layout_loops_cross, serial_shops, nicolae_shop_waterfront,
          chequers_mini_garden, uniq_jessica
D:3:      layout_loops_ring
D:4:      layout_cave_pools, mainiacjoe_overflow_brackets, old_standard_altar,
          tso_metal_star, roderic_roman_lattice, minmay_rat_hole
D:5:      kennysheep_six_static_rooms, layout_basic, serial_shops,
          nicolae_shop_back_alley_shop, nicolae_book_shop_shelving, shop,
          nicolae_inconvenience_store
D:6:      minmay_cornered_nines, layout_cave_pools, kennysheep_generic_room_16,
          uniq_grinder

Skill      XL: |  1  2  3  4  5  6  7 |
---------------+----------------------+-----
Maces & Flails | 2 3 4 5 |  5.2
Fighting       | 3 4 5 6 |  6.9
Dodging        | |  2.4
Shields        | |  2.6

Action                     |  1- 3 |  4- 6 |  7- 9 || total
---------------------------+-------+-------+-------++-------
  Melee: Flail             |    28 |       |       ||    28
         Unarmed           |    83 |   288 |   121 ||   492
    Use: Potion            |       |       |     1 ||     1
   Stab: Sleeping          |       |     1 |       ||     1
 Armour: Robe              |    37 |   101 |    25 ||   163
  Dodge: Dodged            |    46 |   143 |    59 ||   248
  Block: Kite shield       |    55 |   134 |    65 ||   254
